AoeStats
← GORGORY

Arabia

509879061Analyzed
1v1 RM · 4d ago on Sep 28, 2026· 45m 12s· 2 players
Game mode
Random Map
Map size
Tiny (2 player)
Population
200
Speed
Normal
Resources
Standard
Victory
Conquest
Starting age
Dark Age
Ending age
Imperial Age
RankedLock teamsTeams togetherTeam positionsShared explorationLock speedFull tech treeHidden civsTurbo modeCheats
Victory
Defeat
🇦🇷 Ethiopians · Argentina
929
+16
🇨🇱 Teutons · Chile
927
-16
jojorgegepena
8:39 Loom
10:28 Feudal Age
12:12 Double-Bit Axe
13:47 Horse Collar
16:01 Wheelbarrow
21:06 Castle Age
20:17 Gold Mining
21:16 Fletching
21:28 Padded Archer Armor
22:55 Bodkin Arrow
23:37 Bow Saw
25:52 Elite Skirmisher
26:53 Leather Archer Armor
31:43 Imperial Age
30:00 Hand Cart
30:14 Heavy Plow
30:53 Forging
35:07 Ballistics
35:48 Chemistry
34:27 Crossbowman
36:51 Heavy Mounted Crossbowman
38:42 Masonry
39:53 Iron Casting
39:24 Scale Barding Armor
39:24 Cavalier
40:16 Bloodlines
41:37 Capped Ram
GORGORY
5:44 Loom
9:01 Feudal Age
9:30 Double-Bit Axe
9:27 Horse Collar
13:53 Wheelbarrow
18:26 Castle Age
17:22 Stone Mining
18:11 Gold Mining
20:30 Fervor
21:36 Bow Saw
24:29 Sanctity
25:05 Town Watch
26:46 Scale Mail Armor
27:50 Squires
28:06 Heavy Plow
28:33 Forging
29:48 Royal Heirs
30:30 Arson
30:49 Royal Heirs
31:35 Hand Cart
32:07 Iron Casting
32:57 Ballistics
32:33 Murder Holes
33:12 Town Patrol
34:53 Gold Shaft Mining
34:55 Stone Shaft Mining
38:06 Imperial Age
35:58 Crossbowman
36:44 Thumb Ring
36:32 Fletching
36:42 Padded Archer Armor
37:36 Bodkin Arrow
37:57 Chain Mail Armor
38:47 Leather Archer Armor
38:40 Arbalester
39:42 Conscription
38:47 Capped Ram
39:15 Elite Shotel Warrior
41:08 Siege Ram
44:53 Plate Mail Armor
45:23 Blast Furnace
44:35 Bracer
45:05 Ring Archer Armor
Connection lost

Rejoining the realm…

Still unreachable

The connection could not be restored.

Session expired

The server has moved on; the page needs a fresh start.